AoeStats
← 27aadesh

QS Arena

503375972Analyzed
1v1 RM · 1mo ago on Aug 31, 2026· 33m 43s· 2 players
Game mode
Random Map
Map size
Tiny (2 player)
Population
200
Speed
Normal
Resources
Standard
Victory
Conquest
Starting age
Dark Age
Ending age
Imperial Age
RankedLock teamsTeams togetherTeam positionsShared explorationLock speedFull tech treeHidden civsTurbo modeCheats
Victory
Defeat
🇬🇧 Georgians · United Kingdom
790
+16
🇮🇳 Portuguese · India
792
-40
Wōðanaz
7:46 Feudal Age
9:11 Double-Bit Axe
11:25 Horse Collar
15:34 Castle Age
14:39 Stone Mining
14:43 Gold Mining
17:46 Bow Saw
21:23 Wheelbarrow
24:43 Hand Cart
26:26 Husbandry
29:07 Imperial Age
30:44 Onager
34:40 Chemistry
33:52 Fortified Wall
27aadesh
8:11 Loom
10:04 Feudal Age
9:21 Loom
11:32 Wheelbarrow
16:37 Castle Age
18:17 Forging
18:08 Scale Mail Armor
18:14 Scale Barding Armor
17:59 Fletching
18:10 Padded Archer Armor
18:28 Pikeman
32:35 Hand Cart
33:52 Chain Mail Armor
Connection lost

Rejoining the realm…

Still unreachable

The connection could not be restored.

Session expired

The server has moved on; the page needs a fresh start.